 Dungeon Crawl Stone Soup version 0.30-a0-40-gc6d0f036a7 (webtiles) character file.

Game seed: 7081774267716567039

40 ytrimaz the Insei (level 3, 0/23 HPs)
             Began as an Octopode Transmuter on Aug 29, 2022.
             Succumbed to an adder's poison
             ... on level 3 of the Dungeon.
             The game lasted 00:01:22 (3030 turns).

ytrimaz the Insei (Octopode Transmuter)             Turns: 3030, Time: 00:01:22

Health: 0/23       AC:  2    Str:  9    XL:     3   Next: 50%
Magic:  3/5        EV: 16    Int: 17    God:
Gold:   139        SH:  0    Dex: 17    Spells: 0/6 levels left

rFire   . . .      SeeInvis .      - Unarmed
rCold   . . .      Faith    .    (shield currently unavailable)
rNeg    . . .      Spirit   .    (helmet currently unavailable)
rPois   x          Reflect  .    (no amulet)
rElec   .          Harm     .    h - ring of flight
rCorr   .          Rampage  .    (no ring)
Will    .....      Clarity  +    (no ring)
Stlth   ++........               (no ring)
HPRegen 0.07/turn                (no ring)
MPRegen 0.09/turn                (no ring)
                                 (no ring)
                                 (no ring)

@: lethally poisoned (0 -> -6), spider-form, flying, constricted
A: venomous fangs, almost no armour, (amphibious), 8 rings, tiny, (camouflage
1), (gelatinous body 1), (nimble swimmer 1), (tentacles), clarity, low MP 1,
inability to drink after injury 1
a: End Transformation


You were on level 3 of the Dungeon.
You were a venomous arachnid creature.
You visited 1 branch of the dungeon, and saw 3 of its levels.

You collected 139 gold pieces.

Inventory:

Jewellery
 h - a ring of flight (left front leg)
Scrolls
 e - a scroll of blinking {unknown}
 g - a scroll of identify
Potions
 a - a potion of brilliance {unknown}
 b - 2 potions of haste
 c - a potion of curing {unknown}
 d - a potion of heal wounds {unknown}
 f - 2 potions of mutation
 i - a potion of lignification


   Skills:
 - Level 1.0 Fighting
 - Level 2.0 Dodging
 - Level 4.3 Unarmed Combat
 + Level 2.0 Spellcasting
 + Level 2.0 Transmutations
 * Level 0.3 Poison Magic


You couldn't memorise any spells.
You knew the following spells:

 Your Spells              Type           Power      Damage    Failure   Level
a - Beastly Appendage     Tmut           16%        N/A       22%         1
b - Wereblood             Tmut           8%         N/A       30%         2
c - Spider Form           Tmut/Pois      5%         N/A       56%         3

Your spell library contained the following spells:

 Spells                   Type           Power      Damage    Failure   Level
 Ice Form                 Ice/Tmut       5%         N/A       90%         4
 Passage of Golubria      Tloc           1%         N/A       96%         4
 Silence                  Hex/Air        0%         N/A       100%        5
 Lehudib's Crystal Spear  Conj/Erth      0%         10d2      100%        8


Dungeon Overview and Level Annotations

Branches:
Dungeon (3/15)

Altars:


Innate Abilities, Weirdness & Mutations

You are a venomous arachnid creature.
You have poisonous fangs.
You are tiny and dextrous.
Your spellcasting is less reliable in this form.
Your armour is entirely melded.
You are incapable of wielding weapons or throwing items.
You cannot wear most types of armour.
((You are amphibious.))
You can wear up to eight rings at the same time.
((Your skin changes colour to match your surroundings (Stealth+).))
((Your rubbery body absorbs attacks. (AC +1, EV +1)))
((You are camouflaged when in or above water. (Stealth+)))
((You have tentacles for arms and can constrict up to eight enemies at once.))
You possess an exceptional clarity of mind.
Your magical capacity is low. (-10% MP)
You occasionally lose the ability to drink potions when taking damage.


Message History

Confirm with . or Enter, or press ? or * to list all spells.
The spell is extremely dangerous to miscast (36% risk of failure)!
Continue anyway?
You turn into a venomous arachnid creature.
You lose your grip on the goblin.
The kobold throws a stone.
The stone misses you. The goblin completely misses you.
Unknown command.
You closely miss the adder. The adder barely misses you.
The kobold throws a stone.
The stone misses you. The goblin hits you but does no damage.
The adder barely misses you.
You bite the goblin!
You kill the goblin!
The adder bites you.
You are poisoned.
The adder poisons you!
You hit the adder.
The adder is lightly wounded.
You feel very sick. The adder closely misses you.
The kobold completely misses you.
You hit the adder.
The adder is poisoned.
The adder is moderately wounded.
You feel sick. The ball python bites you. The ball python closely misses you.
The adder closely misses you. The kobold hits you with a +0 dagger.
The ball python completely misses you. The ball python grabs you.
The ball python constricts you.
Unknown command.
You hit the adder.
The adder looks as sick as possible!
The adder is severely wounded.
* * * LOW HITPOINT WARNING * * *
You feel sick. The adder closely misses you.
The ball python bites you but does no damage.
The ball python constricts you.
* * * LOW HITPOINT WARNING * * *
The adder bites you.
* * * LOW HITPOINT WARNING * * *
The kobold hits you with a +0 dagger.
* * * LOW HITPOINT WARNING * * *
It was a potion of mutation.
You feel extremely strange.
You occasionally lose the ability to drink potions when taking damage.
You feel less energetic.
Your thoughts seem clearer.
You die...

#..≈≈ #.######.#.# ##.≈≈
#..........# #.≈≈
#.######.#.# #.≈≈
###.#≈≈≈≈≈.#.# #..≈
##...#≈≈≈≈..#.# #..≈
##.##.#≈≈≈≈.##.#
#...##.#####≈≈≈..##.#
####.....##≈≈≈≈≈≈...##.#
......Ss..≈≈≈≈≈[..#.##.#
#####.SK........#......#
...........####......#
####.)................#
#........####.....##
#...$....# #.....#
#........# ###.###
#....##.## #.# #.. #.#
#.#


You could see an adder (extremely poisoned), a ball python and a kobold.

Vanquished Creatures
  An adder (D:2)
  A worm (D:2)
  2 dart slugs (D:1)
  An endoplasm (D:2)
  3 goblins
  A hobgoblin (D:1)
  6 jackals (D:1)
  4 ball pythons
  3 bats (D:1)
  A kobold (D:2)
  A rat (D:2)
24 creatures vanquished.

Notes
Turn   | Place    | Note
-------+----------+-------------------------------------------
     0 | D:1      | ytrimaz the Octopode Transmuter began the quest for the
                  | Orb.
     0 | D:1      | Reached XP level 1. HP: 13/13 MP: 3/3
   398 | D:1      | Reached XP level 2. HP: 10/18 MP: 5/5
  1830 | D:2      | Found a faded altar of an unknown god.
  1885 | D:2      | Reached skill level 4 in Unarmed Combat
  1919 | D:2      | Reached XP level 3. HP: 17/23 MP: 4/6
  2419 | D:2      | Learned a level 2 spell: Wereblood
  2423 | D:2      | Learned a level 3 spell: Spider Form
  3029 | D:3      | HP: 1/23 [kobold/+0 dagger (2)]
  3030 | D:3      | Gained mutation: You occasionally lose the ability to drink
                  | potions when taking damage. [potion of mutation]
  3030 | D:3      | Gained mutation: Your magical capacity is low. (-10% MP)
                  | [potion of mutation]
  3030 | D:3      | Gained mutation: You possess an exceptional clarity of
                  | mind. [potion of mutation]
  3030 | D:3      | Succumbed to an adder's poison

Illustrated notes

Levels and vault maps discovered:
D:1:      ncdulo_halloftheorcs, layout_loops_corners, kennysheep_nondescript
D:2:      layout_loops_corners, hellmonk_ecumenical_altar_blasted,
          chequers_serial_rivers_micro_a
D:3:      layout_loops_ring, chequers_big_river, grunt_decor_junction,
          uniq_grinder

Skill      XL: |  1  2 |
---------------+-------+-----
Unarmed Combat | 4 |  4.3
Fighting       | |  1.0
Dodging        | |  2.0
Spellcasting   | |  2.0
Transmutations | |  2.0
Poison Magic   | |  0.3

Action                   || total
-------------------------++-------
Melee: Unarmed           ||    63
       Constrict         ||    13
       Punch             ||     1
       Kick              ||     9
       Tentacles         ||     6
 Cast: Beastly Appendage ||     8
       Spider Form       ||     1
  Use: Potion            ||     3
       Scroll            ||     8
 Stab: Sleeping          ||     6
Armor: Skin              ||    20
Dodge: Dodged            ||    45

Table legend: (Time is in decaauts)
 A = Elapsed time spent in this place.
 B = Non-inter-level travel time spent in this place.
 C = Inter-level travel time spent in this place.
 D = Time resting spent in this place.
 E = Time spent auto-exploring this place.
 F = Levels seen in this place.
 G = Mean time per level.
                   A        B        C        D        E       F      G
               +--------+--------+--------+--------+--------+-----+--------+
         Total |   3024 |   2974 |     50 |    378 |   2364 |   3 | 1008.0 |
       Dungeon |   3024 |   2974 |     50 |    378 |   2364 |   3 | 1008.0 |
               +--------+--------+--------+--------+--------+-----+--------+

Top non-repeatable levels by time:
     D:1: 1821 daAuts
     D:2: 1113 daAuts
     D:3: 89 daAuts
